 Dungeon Crawl Stone Soup version 0.29-a0-925-g0a7a3d12f8 (webtiles) character file.

Game seed: 10444889643737680992

21800 kae the Martial Artist (level 12, -4/92 HPs)
             Began as a Demonspawn Monk on July 29, 2022.
             Was a Priest of Ru.
             Slain by an elephant (15 damage)
             ... on level 4 of the Lair of Beasts.
             The game lasted 00:16:36 (11579 turns).

kae the Martial Artist (Demonspawn Monk)           Turns: 11579, Time: 00:16:38

Health: -4/92      AC: 11    Str: 18    XL:     12   Next: 57%
Magic:  12/12      EV: 14    Int: 17    God:    Ru [***...]
Gold:   675        SH:  0    Dex: 20    Spells: 10/11 levels left

rFire   . . .      SeeInvis .     - Unarmed
rCold   . . .      Faith    .   (no shield)
rNeg    . . .      Spirit   .   u - +1 scale mail {rPois}
rPois   +          Reflect  .   H - +0 helmet of Coshrak Woesi {Int+3}
rElec   .          Harm     .   (no cloak)
rCorr   +          Rampage  .   (gloves unavailable)
Will    .....                   k - +0 pair of boots
Stlth   +.........              g - amulet of regeneration
HPRegen 1.05/turn               S - +6 ring of strength
MPRegen 0.13/turn               R - ring of resist corrosion

@: studying Throwing, unable to drink
A: powered by pain 1, inability to drink while threatened 2, hated by all, big
brain 1, demonic magic 2, demonic touch 3
a: Renounce Religion, Draw Out Power


You were on level 4 of the Lair of Beasts.
You worshipped Ru.
Ru was most pleased with you.
You visited 2 branches of the dungeon, and saw 14 of its levels.

You collected 675 gold pieces.


Innate Abilities, Weirdness & Mutations

You sometimes gain a little power by taking damage.
You sometimes lose the ability to drink potions when taking damage.
You are hated by all.
You have an unusually large brain. (Int +2)
Spells you cast may paralyse nearby enemies.
Your touch may irresistibly damage your foes and sap their willpower.


   Skills:
 + Level 8.1 Fighting
 + Level 6.7 Armour
 + Level 7.3 Dodging
 - Level 1.7 Stealth
 * Level 14.5 Unarmed Combat
 - Level 6.4 Poison Magic


You had 10 spell levels left.
You knew the following spells:

 Your Spells              Type           Power      Damage    Failure   Level
a - Sting                 Tmut/Pois      40%        1d5       19%         1

Your spell library contained the following spells:

 Spells                   Type           Power      Damage    Failure   Level
 Poisonous Vapours        Pois/Air       20%        N/A       26%         2
 Olgreb's Toxic Radiance  Pois           21%        N/A       43%         4
 Ignite Poison            Fire/Tmut/Pois 7%         N/A       63%         3
 Sublimation of Blood     Necr           0%         N/A       69%         2
 Wereblood                Tmut           0%         N/A       69%         2
 Conjure Flame            Conj/Fire      0%         6-21      89%         3
 Dazzling Flash           Conj/Hex       0%         N/A       89%         3
 Portal Projectile        Hex/Tloc       0%         N/A       89%         3
 Corpse Rot               Necr/Pois/Air  7%         N/A       95%         4
 Anguish                  Hex/Necr       0%         N/A       100%        4
 Dispel Undead            Necr           0%         3d6       100%        4
 Leda's Liquefaction      Hex/Erth       0%         N/A       100%        4
 Sticky Flame             Conj/Fire      0%         2d3       100%        4
 Agony                    Necr           0%         N/A       100%        5
 Silence                  Hex/Air        0%         N/A       100%        5
 Enfeeble                 Hex            0%         N/A       100%        7
 Summon Small Mammal      Summ           Unusable   N/A       N/A         1
 Call Canine Familiar     Summ           Unusable   N/A       N/A         3
 Summon Guardian Golem    Hex/Summ       Unusable   N/A       N/A         3
 Death Channel            Necr           Unusable   N/A       N/A         6
 Summon Hydra             Summ           Unusable   N/A       N/A         7

Inventory:

Missiles
 b - 16 poisoned darts
 c - 112 stones (quivered)
 h - a silver boomerang
 m - 5 javelins
 x - 5 boomerangs
 G - 2 throwing nets {=f!f}
 K - 6 silver javelins
Armour
 a - a +0 robe
 j - a +0 leather armour
   (You found it on level 2 of the Dungeon)
 k - a +0 pair of boots (worn)
   (You found it on level 1 of the Dungeon)
 o - a +0 helmet
   (You found it on level 4 of the Dungeon)
 u - a +1 scale mail of poison resistance (worn)
   (You took it off Ijyb on level 3 of the Dungeon)
 z - the +0 cloak of Qyemy {Drain Str+3 Dex+2 Stlth+}
   (You found it on level 1 of the Lair of Beasts)

   Str:       It affects your strength (+3).
   Dex:       It affects your dexterity (+2).
   Drain:     It drains your maximum health when unequipped.
   Stlth:     It makes you more stealthy.
 D - +0 steam dragon scales
   (You found it on level 7 of the Dungeon)
 H - the +0 helmet of Coshrak Woesi (worn) {Int+3}
   (You acquired it on level 1 of the Lair of Beasts)

   Int:       It affects your intelligence (+3).
Magical Staves
 r - a staff of death {!a}
   (You found it on level 8 of the Dungeon)
 M - a staff of fire {!a}
   (You found it on level 2 of the Lair of Beasts)
Jewellery
 g - an amulet of regeneration (around neck)
   (You found it on level 3 of the Dungeon)
 C - a ring of protection from cold
   (You found it on level 5 of the Dungeon)
 L - a ring of flight
   (You found it on level 6 of the Dungeon)
 R - a ring of resist corrosion (right hand)
   (You found it on level 4 of the Dungeon)
 S - a +6 ring of strength (left hand)
   (You found it on level 1 of the Dungeon)
 T - an amulet of faith {!P}
   (You found it on level 6 of the Dungeon)
 Y - a +4 ring of slaying
   (You found it on level 6 of the Dungeon)
Wands
 f - a wand of paralysis (17)
   (You took it off Ijyb on level 3 of the Dungeon)
 y - a wand of polymorph (5)
   (You found it on level 7 of the Dungeon)
 B - a wand of iceblast (9)
   (You found it on level 7 of the Dungeon)
 J - a wand of digging (4)
   (You found it on level 2 of the Lair of Beasts)
Scrolls
 e - 3 scrolls of enchant weapon
 i - 3 scrolls of blinking {!r}
 n - 2 scrolls of immolation {!r!r}
 v - a scroll of noise {unknown}
 E - 5 scrolls of teleportation {@r4}
 F - a scroll of identify {@r1}
 I - 2 scrolls of butterflies
 N - a scroll of vulnerability {!r!r}
 O - a scroll of brand weapon {unknown}
Potions
 d - 5 potions of curing {@q1}
 l - 4 potions of attraction {!q}
 q - a potion of heal wounds {@q2}
 s - a potion of ambrosia
 t - a potion of degeneration {!q}
 w - 2 potions of mutation {!q}
 A - a potion of lignification {!q}

Dungeon Overview and Level Annotations

Branches:
Dungeon (9/15) Zot: 26297  Temple (0/1) D:7            Lair (5/5) D:9 Zot: 26681
  Swamp (0/4) Lair:2        Snake (0/4) Lair:3
  Slime: Lair:4-5       Orc: D:9-12

Altars:
Cheibriados
Nemelex Xobeh
Qazlal
Ru
Wu Jian
Xom

Shops:
D:6 [

Annotations:
D:6 3 runed translucent doors, Subbak's ghost, novice DsEn
D:8 exclusion: komodo dragon

......YP #....# #....##
#.....# ##....##
#....†# ##....##
#.Y...# #.@..##
##.....# ....# #.....##
#....# #.....# #....#
#.....## #....##
#####.....#
###.....###..#.....##
#.#....P##.#.##....####
......PP...............


You could see an elephant.


Message History

The helpless boulder beetle fails to defend itself.
You punch the boulder beetle!
You touch the boulder beetle!
You sap its willpower! 😮 HP[+1]
The helpless boulder beetle fails to defend itself.
You pummel the boulder beetle!!
You touch the boulder beetle!
You kill the boulder beetle!
An elephant comes into view. 😮 HP[+1]
An elephant and a bullfrog come into view.
The elephant trumpets!
The bullfrog croaks.
You hear a trumpeting!
You see here a boulder beetle corpse. 😮 HP[+1] 2 elephants come into view.
The elephant trumpets! x2 😮 HP[+1]
A black mamba comes into view. 😮 HP[+1]
You are too injured to fight recklessly!
You are too injured to fight recklessly!
You are too injured to fight recklessly!
You are too injured to fight recklessly!
You are too injured to fight recklessly!
You are too injured to fight recklessly!
Unknown command.
You hit the elephant but do no damage. You punch the elephant!
The elephant tramples you!
You feel threatened and lose the ability to drink potions!
* * * LOW HITPOINT WARNING * * *
You hold your ground!
The elephant trunk-slaps you.
* * * LOW HITPOINT WARNING * * *
The elephant tramples you!
* * * LOW HITPOINT WARNING * * *
You hold your ground!
The elephant barely misses you. 😨 HP[-28]
You take 28 damage, and now have 28/92 hp.
MASSIVE DAMAGE!! (PAUSE)
The elephant attacks as you move away!
The elephant tramples you but does no damage.
The elephant misses you.
The elephant tramples you but does no damage.
The elephant trunk-slaps you.
* * * LOW HITPOINT WARNING * * *
The bullfrog closely misses you. 😨 HP[-2]
You take 2 damage, and now have 26/92 hp.
Okay, then.
You barely miss the bullfrog. Your punch misses the bullfrog.
The bullfrog swells and bulges.
The bullfrog hits you but does no damage. 😨 HP[+1]
You punch the bullfrog!
You touch the bullfrog!
You kill the bullfrog!
The elephant tramples you!
* * * LOW HITPOINT WARNING * * *
You hold your ground!
The elephant trunk-slaps you but does no damage.
The elephant misses you.
The elephant completely misses you. 😱 HP[-9]
You take 9 damage, and now have 18/92 hp.
You cannot drink potions in your current state!
Unknown command.
As you read the scroll of fear, it crumbles to dust.
You assume a fearsome visage.
The elephant looks frightened! x2
The elephant resists with almost no effort.
The elephant looks frightened! x2; The black mamba looks frightened!
The elephant tramples you but does no damage.
The elephant trunk-slaps you but does no damage. 😱 HP[+1]
The elephant attacks as you move away!
The elephant closely misses you. x2 😱 HP[+1] 😱 HP[+2]
You regained 2 hp, and now have 22/92 hp.
The elephant attacks as you move away! The elephant tramples you.
* * * LOW HITPOINT WARNING * * *
The elephant trunk-slaps you but does no damage. 😱 HP[-2]
You take 2 damage, and now have 20/92 hp.
You pummel the elephant!! You punch the elephant. The elephant tramples you!
* * * LOW HITPOINT WARNING * * *
You stumble backwards! 😱 HP[-13]
You take 13 damage, and now have 7/92 hp.
You hit the elephant but do no damage. The elephant barely misses you.
The elephant trunk-slaps you but does no damage. 😱 HP[+1] Unknown command.
You hit the elephant but do no damage.
Your touch misses the elephant. 😱 HP[+1] Unknown command.
You hit the elephant.
The elephant is stunned by your conviction and fails to attack. 😱 HP[+1]
You barely miss the elephant.
You punch the elephant, but do no damage.
The elephant misses you.
The elephant barely misses you. 😱 HP[+1] Unknown command.
You hit the elephant. The elephant tramples you!
You die...

Skill      XL: |  1  2  3  4  5  6  7  8  9 10 11 12 |
---------------+-------------------------------------+-----
Unarmed Combat | 3 4 5 6 7 9 11 12 13 14 | 14.5
Armour         | 2 4 5 6 |  6.7
Poison Magic   | 3 4 6 |  6.4
Dodging        | 4 5 6 7 |  7.3
Fighting       | 4 5 7 8 |  8.1
Stealth        | |  1.7

Action                   |  1- 3 |  4- 6 |  7- 9 | 10-12 || total
-------------------------+-------+-------+-------+-------++-------
Melee: Unarmed           |   109 |   164 |   289 |   451 ||  1013
       Punch             |     4 |     5 |    13 |    45 ||    67
       Touch             |       |    31 |    56 |   109 ||   196
 Cast: Sting             |       |       |       |    16 ||    16
Invok: Sacrifice Love    |       |     1 |       |       ||     1
       Reject Sacrifices |       |       |     1 |       ||     1
       Sacrifice Drink   |       |       |       |     1 ||     1
Evoke: Wand              |       |       |       |     3 ||     3
  Use: Potion            |     4 |       |     3 |     4 ||    11
       Scroll            |     4 |     1 |    11 |     3 ||    19
 Stab: Sleeping          |     5 |     3 |     1 |       ||     9
       Invisible         |       |       |     1 |     7 ||     8
       Paralysed         |       |       |       |     4 ||     4
       Distracted        |       |       |       |     1 ||     1
Armor: Robe              |    10 |       |       |       ||    10
       Skin              |     8 |       |       |       ||     8
       Leather armour    |     5 |    28 |       |       ||    33
       Scale mail        |       |    13 |    73 |    76 ||   162
       Steam dragon scal |       |       |    22 |    24 ||    46
Dodge: Dodged            |    63 |    83 |   181 |   258 ||   585

Levels and vault maps discovered:
D:1:      dpeg_arrival_rooms_b, layout_basic, serial_park_tiny_2,
          ebering_dispersal_statue_hall
D:2:      layout_basic
D:3:      layout_basic, nicolae_ru_the_path_less_chosen, dk_noncrumbling_2,
          uniq_natasha, uniq_jessica, uniq_ijyb
D:4:      layout_basic, kennysheep_little_box, nicolae_qazlal_style_of_elements,
          grunt_ministairs_3, hangedman_decor_points
D:5:      layout_gridville, mainiacjoe_overflow_concentric_impassable,
          lemuel_doored_altar, chequers_serial_rivers_micro_d,
          hangedman_abyss_or_decor_lesser_grid, minmay_bent, uniq_blork_the_orc
D:6:      layout_cave_pools, serial_shops, nicolae_take_the_stairs,
          gammafunk_ghost_necromancy, minmay_misc_feat_pillars,
          minmay_manual_monolith
D:7:      layout_basic, minmay_temple_entry_tees
D:8:      layout_loops_cross, minmay_puff
D:9:      layout_small_grid, erik_lair_island
Lair:1:   layout_gridlike, serial_forest, infiniplex_forest_clump_large,
          infiniplex_forest_straight_5, infiniplex_forest_clump_curved,
          infiniplex_forest_clump_C, uniq_erica, uniq_gastronok
Lair:2:   layout_cave_pods, skrybe_swamp_entry_bodies, kennysheep_snail_temple
Lair:3:   layout_layer_cave, guppyfry_snake_entry_island,
          eino_small_chamber_without_monster, infiniplex_staircase_pool_2
Lair:4:   wad_woods_minihive, layout_long_grid
Lair:5:   hangedman_lair_caniforms_friends, layout_gridlike,
          dpeg_slime_entry_corner, lemuel_centaur_altar

Notes
Turn   | Place    | Note
-------+----------+-------------------------------------------
     0 | D:1      | kae the Demonspawn Monk began the quest for the Orb.
     0 | D:1      | Reached XP level 1. HP: 18/18 MP: 1/1
     0 | D:1      | magus.rc [v1.11.3]
   104 | D:1      | Reached skill level 3 in Unarmed Combat
   164 | D:1      | Gained mutation: You sometimes gain a little power by
                  | taking damage. [demonic ancestry]
   164 | D:1      | Reached XP level 2. HP: 11/24 MP: 2/2
  1555 | D:2      | Gained mutation: You have an unusually large brain. (Int
                  | +2) [demonic ancestry]
  1555 | D:2      | Reached XP level 3. HP: 9/29 MP: 3/3
  1963 | D:2      | You pick up a book of Blood and begin reading...
  1963 | D:2      | You add the spells Sublimation of Blood, Wereblood and
                  | Summon Hydra to your library.
  2329 | D:3      | Reached skill level 4 in Unarmed Combat
  2421 | D:3      | Noticed Jessica
  2672 | D:2      | HP: 6/29 [hobgoblin/+0 whip (3)]
  2680 | D:2      | Killed Jessica
  2681 | D:2      | Gained mutation: Your touch may inflict minor irresistible
                  | damage on your foes. [demonic ancestry]
  2681 | D:2      | Reached XP level 4. HP: 31/35 MP: 4/4
  2848 | D:3      | Noticed Natasha
  2864 | D:3      | Killed Natasha
  2963 | D:3      | Noticed Natasha
  2974 | D:3      | Killed Natasha
  2975 | D:3      | Reached skill level 5 in Unarmed Combat
  3294 | D:3      | Reached XP level 5. HP: 41/41 MP: 5/5
  3624 | D:3      | Found a sacrificial altar of Ru.
  3651 | D:3      | Noticed Ijyb
  3664 | D:3      | Paralysed by Ijyb for 4 turns
  3673 | D:3      | Paralysed by Ijyb for 5 turns
  3683 | D:3      | Killed Ijyb
  3711 | D:3      | Became a worshipper of Ru the Awakened
  3825 | D:3      | Noticed Natasha
  3826 | D:3      | Gained mutation: You are hated by all. [Ru sacrifice]
  3826 | D:3      | Reached * piety under Ru
  3826 | D:3      | Reached ** piety under Ru
  3835 | D:3      | Killed Natasha
  4509 | D:4      | Reached skill level 6 in Unarmed Combat
  4524 | D:3      | Reached XP level 6. HP: 35/47 MP: 6/6
  4648 | D:4      | Found a stormy altar of Qazlal.
  4648 | D:4      | Noticed a water elemental
  4652 | D:4      | Noticed an air elemental
  4663 | D:4      | Noticed a fire elemental
  4871 | D:4      | Found an ornate altar of the Wu Jian Council.
  4998 | D:5      | Entered Level 5 of the Dungeon
  5008 | D:4      | Reached skill level 7 in Unarmed Combat
  5116 | D:5      | Gained mutation: Spells you cast may paralyse adjacent
                  | enemies. [demonic ancestry]
  5116 | D:5      | Reached XP level 7. HP: 32/52 MP: 7/7
  5149 | D:5      | Found a shimmering altar of Xom.
  5193 | D:5      | Reached skill level 8 in Unarmed Combat
  5225 | D:5      | Noticed Blork the orc
  5233 | D:5      | Killed Blork the orc
  5245 | D:5      | You add the spells Conjure Flame, Ignite Poison and Sticky
                  | Flame to your library.
  5376 | D:5      | You pick up a book of Maledictions and begin reading...
  5376 | D:5      | You add the spells Anguish and Enfeeble to your library.
  5392 | D:5      | You pick up a book of Decay and begin reading...
  5392 | D:5      | You add the spells Corpse Rot and Dispel Undead to your
                  | library.
  5473 | D:5      | You add the spells Sting, Poisonous Vapours and Olgreb's
                  | Toxic Radiance to your library.
  5507 | D:5      | Found a sparkling altar of Nemelex Xobeh.
  5974 | D:5      | Reached skill level 9 in Unarmed Combat
  5974 | D:5      | Reached XP level 8. HP: 58/58 MP: 8/8
  6102 | D:6      | Reached skill level 10 in Unarmed Combat
  6178 | D:6      | Found a runed translucent gate.
  6179 | D:6      | Found a runed translucent gate.
  6179 | D:6      | Found a runed translucent gate.
  6239 | D:6      | Found Siuxapt's Antique Armour Shoppe.
  6430 | D:6      | Reached skill level 11 in Unarmed Combat
  6548 | D:6      | Noticed Subbak's ghost (novice DsEn)
  6678 | D:7      | Gained mutation: Your touch may inflict irresistible damage
                  | on your foes. [demonic ancestry]
  6678 | D:7      | Reached XP level 9. HP: 63/63 MP: 9/9
  6683 | D:7      | Learned a level 1 spell: Sting
  6727 | D:7      | Found a staircase to the Ecumenical Temple.
  6779 | D:7      | Reached skill level 1 in Armour
  6779 | D:7      | Reached skill level 1 in Poison Magic
  6889 | D:7      | Reached skill level 3 in Dodging
  7381 | D:8      | Reached skill level 2 in Poison Magic
  7412 | D:8      | Reached skill level 2 in Armour
  7418 | D:8      | Reached skill level 4 in Fighting
  7645 | D:8      | Reached skill level 4 in Dodging
  7760 | D:8      | Noticed a komodo dragon
  7855 | D:8      | Noticed a troll
  7862 | D:8      | Killed a troll
  7863 | D:8      | Reached skill level 3 in Poison Magic
  7875 | D:8      | Reached skill level 12 in Unarmed Combat
  7875 | D:8      | Gained mutation: Your touch may irresistibly damage your
                  | foes and sap their willpower. [demonic ancestry]
  7875 | D:8      | Reached XP level 10. HP: 31/73 MP: 10/10
  8033 | D:8      | Reached skill level 3 in Armour
  8074 | D:9      | You pick up a book of the Hunter and begin reading...
  8074 | D:9      | You add the spells Portal Projectile and Leda's
                  | Liquefaction to your library.
  8491 | D:9      | Reached skill level 5 in Fighting
  8509 | D:9      | HP: 18/74 [wolf (2)]
  8626 | D:9      | Reached skill level 4 in Poison Magic
  8644 | D:9      | Reached skill level 5 in Dodging
  8701 | D:9      | Found a staircase to the Lair.
  8724 | Lair:1   | Entered Level 1 of the Lair of Beasts
  8777 | D:9      | HP: 9/74 [electric eel/bolt of electricity (13)]
  8847 | D:9      | HP: 14/74 [electric eel/bolt of electricity (9)]
  8925 | Lair:1   | Reached skill level 4 in Armour
  8973 | Lair:1   | Identified a scroll of acquirement
  8973 | Lair:1   | Acquired the +0 helmet of Coshrak Woesi {Int+3}
  9005 | Lair:1   | Noticed Gastronok
  9019 | Lair:1   | Killed Gastronok
  9020 | Lair:1   | Reached XP level 11. HP: 50/81 MP: 11/11
  9068 | Lair:1   | Reached skill level 6 in Fighting
  9085 | Lair:1   | Reached skill level 13 in Unarmed Combat
  9104 | Lair:1   | Reached skill level 5 in Poison Magic
  9164 | Lair:1   | Noticed Erica
  9178 | Lair:1   | Killed Erica
  9348 | Lair:1   | Reached skill level 5 in Armour
  9383 | Lair:1   | Noticed a five-headed hydra
  9433 | Lair:1   | Identified the +0 cloak of Qyemy {Drain Str+3 Dex+2 Stlth+}
  9468 | Lair:1   | Reached skill level 6 in Dodging
  9822 | Lair:2   | HP: 11/83 [yak (11)]
  9826 | Lair:2   | HP: 2/83 [yak (13)]
 10066 | Lair:2   | HP: 20/83 [black mamba (15)]
 10069 | Lair:2   | Reached skill level 7 in Fighting
 10069 | Lair:2   | Reached skill level 6 in Poison Magic
 10211 | Lair:2   | Found a staircase to the Swamp.
 10212 | Lair:2   | Noticed a bog body
 10220 | Lair:2   | HP: 8/84 [bog body/bolt of cold (30)]
 10221 | Lair:2   | Killed a bog body
 10298 | Lair:2   | You pick up a book of the Senses and begin reading...
 10298 | Lair:2   | You add the spells Dazzling Flash, Agony and Silence to
                  | your library.
 10305 | Lair:2   | You pick up a book of Callings and begin reading...
 10360 | Lair:2   | Gained mutation: You occasionally lose the ability to drink
                  | potions when taking damage. [Ru sacrifice]
 10360 | Lair:2   | Gained mutation: You sometimes lose the ability to drink
                  | potions when taking damage. [Ru sacrifice]
 10360 | Lair:2   | Reached *** piety under Ru
 10703 | Lair:2   | Found a snail-covered altar of Cheibriados.
 10718 | Lair:2   | Gained mutation: Spells you cast may paralyse nearby
                  | enemies. [demonic ancestry]
 10718 | Lair:2   | Reached XP level 12. HP: 78/91 MP: 12/12
 11043 | Lair:3   | Reached skill level 6 in Armour
 11107 | Lair:3   | Reached skill level 14 in Unarmed Combat
 11129 | Lair:3   | Found a staircase to the Snake Pit.
 11129 | Lair:3   | You fall into a shaft and drop 2 floors!
 11129 | Lair:5   | Entered Level 5 of the Lair of Beasts
 11173 | Lair:5   | Reached skill level 7 in Dodging
 11485 | Lair:4   | Reached skill level 8 in Fighting
 11555 | Lair:4   | Noticed a boulder beetle
 11562 | Lair:4   | Killed a boulder beetle
 11569 | Lair:4   | HP: 18/92 [elephant (9)]
 11574 | Lair:4   | HP: 7/92 [elephant (13)]
 11579 | Lair:4   | Slain by an elephant

Vanquished Creatures
  Gastronok (Lair:1)
  A boulder beetle (Lair:4)
  A bog body (Lair:2)
  A lindwurm (Lair:4)
  3 black mambas
  6 torpor snails (Lair:2)
  3 cane toads
  2 rime drakes
  6 komodo dragons
  2 trolls
  A polar bear (Lair:1)
  6 blink frogs
  7 dream sheep (Lair:5)
  2 wyverns
  28 yaks
  5 steam dragons
  An acid dragon (D:8)
  11 water moccasins
  An ice beast (D:7)
  A sky beast (D:5)
  3 orc warriors
  A black bear (D:8)
  4 wolves (D:9)
  5 ogres
  A centaur (D:7)
  A phantom (D:4)
  Blork the orc (D:5)
  8 bullfrogs
  A necrophage (D:5)
  2 gnoll sergeants
  2 scorpions (D:5)
  2 wights (D:7)
  11 killer bees (D:9)
  2 howler monkeys
  2 hounds
  4 orc priests
  A gnoll bouda (D:8)
  4 jellies
  Jessica (D:2)
  Natasha (thrice) (D:3)
  Ijyb (D:3)
  5 iguanas
  6 orc wizards
  13 gnolls
  9 adders
  2 shadow imps
  3 ufetubi
  3 worms
  A dart slug (D:3)
  24 orcs
  5 bats
  7 endoplasms
  4 giant cockroaches
  4 goblins
  4 hobgoblins
  A jackal (D:5)
  A quokka (D:5)
  8 ball pythons
  3 frilled lizards
  2 kobolds (D:3)
  2 rats (D:3)
256 creatures vanquished.

Vanquished Creatures (others)
  Erica (Lair:1)
  An orc (D:8)
  3 bushes (Lair:1)
  3 fungi
  25 plants
33 creatures vanquished.

Grand Total: 289 creatures vanquished

Table legend:
 A = Non-vault XP
 B = Vault XP
 C = Vault XP percentage of total XP
 D = Non-vault monster count
 E = Vault monster count
 F = Vault count percentage of total count
                 A         B        C        D         E       F
            +---------+---------+-------+---------+---------+-------
      Total |   23337 |    7807 |  25.1 |     218 |      39 |  15.2
            +---------+---------+-------+---------+---------+-------
        D:1 |      32 |       0 |   0.0 |      11 |       0 |   0.0
        D:2 |      21 |      37 |  63.8 |      10 |       1 |   9.1
        D:3 |     126 |     110 |  46.6 |      22 |       4 |  15.4
        D:4 |     198 |     144 |  42.1 |      16 |       3 |  15.8
        D:5 |     496 |     381 |  43.4 |      14 |       9 |  39.1
        D:6 |     678 |     446 |  39.7 |      21 |       4 |  16.0
        D:7 |    1003 |       0 |   0.0 |      12 |       0 |   0.0
        D:8 |    2215 |     358 |  13.9 |      25 |       4 |  13.8
        D:9 |    2097 |     787 |  27.3 |      22 |       5 |  18.5
     Lair:1 |    7081 |    2199 |  23.7 |      28 |       2 |   6.7
     Lair:2 |    1341 |    3345 |  71.4 |       7 |       7 |  50.0
     Lair:3 |    1155 |       0 |   0.0 |       3 |       0 |   0.0
     Lair:4 |    3342 |       0 |   0.0 |      11 |       0 |   0.0
     Lair:5 |    3552 |       0 |   0.0 |      16 |       0 |   0.0
            +---------+---------+-------+---------+---------+-------

Illustrated notes

Table legend:
 A = Kills in this place as a percentage of kills in entire the game.
 B = Kills by you in this place as a percentage of kills by you in the entire game.
 C = Kills by friends in this place as a percentage of kills by friends in the entire game.
 D = Other kills in this place as a percentage of other kills in the entire game.
 E = Experience gained in this place as a percentage of experience gained in the entire game.
 F = Experience gained in this place divided by the number of levels of this place that you have seen.
                   A       B       C       D       E      F
               +-------+-------+-------+-------+-------+----------------------
         Total | 100.0 | 100.0 |   N/A | 100.0 | 100.0 | 2224.6
       Dungeon |  71.2 |  71.5 |   N/A |   0.0 |  29.3 | 1014.3
          Lair |  28.8 |  28.5 |   N/A | 100.0 |  70.7 | 4403.0
               +-------+-------+-------+-------+-------+----------------------

Table legend: (Time is in decaauts)
 A = Elapsed time spent in this place.
 B = Non-inter-level travel time spent in this place.
 C = Inter-level travel time spent in this place.
 D = Time resting spent in this place.
 E = Time spent auto-exploring this place.
 F = Levels seen in this place.
 G = Mean time per level.
                   A        B        C        D        E       F      G
               +--------+--------+--------+--------+--------+-----+--------+
         Total |  11446 |  10838 |    608 |   1345 |   7227 |  14 |  817.6 |
       Dungeon |   8636 |   8146 |    490 |    929 |   5540 |   9 |  959.6 |
          Lair |   2809 |   2691 |    118 |    416 |   1687 |   5 |  561.8 |
               +--------+--------+--------+--------+--------+-----+--------+

Top non-repeatable levels by time:
     D:3: 1452 daAuts
     D:1: 1372 daAuts
     D:2: 1288 daAuts
  Lair:2: 1223 daAuts
  Lair:1: 1052 daAuts
     D:4: 935 daAuts
     D:8: 911 daAuts
     D:5: 831 daAuts
     D:9: 675 daAuts
     D:6: 652 daAuts
     D:7: 517 daAuts
  Lair:4: 318 daAuts
  Lair:3: 128 daAuts
  Lair:5: 87 daAuts
